 Dungeon Crawl Stone Soup version 0.31-a0-7-g51783674b7 (webtiles) character file.

Game seed: 4977692948184480723

43 Pimp the Ducker (level 3, -2/28 HPs)
             Began as a Merfolk Gladiator on May 5, 2023.
             Slain by an orc priest
             ... wielding a +0 morningstar of holy wrath
              (8 damage)
             ... on level 3 of the Dungeon.
             The game lasted 00:03:05 (1009 turns).

Pimp the Ducker (Merfolk Gladiator)                 Turns: 1009, Time: 00:03:07

Health: -2/28      AC: 10    Str: 16    XL:     3   Next: 58%
Magic:  3/3        EV: 13    Int:  7    God:
Gold:   121        SH:  0    Dex: 15    Spells: 2/2 levels left

rFire   . . .        m - +5 spear of the Peculiar Priests {heavy, rC+ rN+}
rCold   + . .        (no shield)
rNeg    + . .        b - +2 leather armour
rPois   .            c - +1 helmet
rElec   .            (no cloak)
rCorr   .            l - +2 pair of gloves
SInv    .            (no boots)
Will    .....        (no amulet)
Stlth   +            (no ring)
HPRegen 0.24/turn    (no ring)
MPRegen 0.08/turn

%: no passive effects
@: no status effects
A: (nimble swimmer 2), mertail
a: no special abilities


You were on level 3 of the Dungeon.
You visited 1 branch of the dungeon, and saw 3 of its levels.

You collected 121 gold pieces.

Inventory:

Hand Weapons
 a - a +0 trident
 m - the +5 spear of the Peculiar Priests (weapon) {heavy, rC+ rN+}
   (You found it on level 2 of the Dungeon)

   rC:        It protects you from cold.
   rN:        It protects you from negative energy.
Missiles
 d - 3 throwing nets (quivered)
 e - 6 javelins
Armour
 b - a +2 leather armour (worn)
 c - a +1 helmet (worn)
 l - a +2 pair of gloves (worn)
Scrolls
 i - a scroll of identify
 j - a scroll of magic mapping {unknown}
 k - a scroll of immolation {unknown}
Potions
 g - a potion of berserk rage
 h - 2 potions of heal wounds
 n - a potion of curing


   Skills:
 + Level 2.9 Fighting
 + Level 4.5 Polearms
 + Level 2.5 Throwing
 + Level 4.5 Dodging


You had 2 spell levels left.
You didn't know any spells.
Your spell library contained the following spells:

 Spells                   Type           Power      Damage    Failure   Level
 Summon Forest            Summ/Tloc      0%         N/A       100%        5
 Summon Mana Viper        Hex/Summ       0%         N/A       100%        5
 Summon Cactus Giant      Summ           0%         N/A       100%        6


Dungeon Overview and Level Annotations

Branches:
Dungeon (2/15)

Altars:

Shops:
D:1 (?   D:3 ?


Innate Abilities, Weirdness & Mutations

((You are very nimble when in or above water. (Stealth+, EV+, Speed+++)))
Your lower body shifts to a powerful aquatic tail in water.


Message History

There is an entrance to a sewer on this level.
Hurry and find it before the portal rusts away!
Found Seuhof's Magic Scroll Shop.
As you read the scroll labelled ZETIHEN VAJI, it crumbles to dust.
It is a scroll of enchant armour.
Your +0 helmet glows green for a moment.
As you read the scroll of enchant armour, it crumbles to dust.
Your +0 leather armour glows green for a moment.
As you read the scroll of enchant armour, it crumbles to dust.
Your +1 leather armour glows green for a moment.
As you read the scroll labelled OPROURPH ONAWK, it crumbles to dust.
It is a scroll of identify.
g - a potion of berserk rage
As you read the scroll of identify, it crumbles to dust.
h - 2 potions of heal wounds
As you read the scroll of identify, it crumbles to dust.
n - a potion of curing
There is an entrance to Seuhof's Magic Scroll Shop here.
An orc comes into view. It is wielding a +0 short sword.
Found a stone staircase leading down. 2 orcs and an orc priest come into view.
The orc priest is wielding a +0 morningstar of holy wrath.
The orc shouts!
The orc priest shouts!
The orc shouts!
You hear a shout! x2
The orc priest closely misses you. The orc hits you but does no damage.
You puncture the orc priest!
The orc priest is severely wounded.
An adder comes into view.
The orc priest hits you with a +0 morningstar of holy wrath.
A rat comes into view.
The orc hits you but does no damage.
You completely miss the orc priest.
The orc priest is severely wounded.
The orc priest hits you with a +0 morningstar of holy wrath!
The orc barely misses you. The orc hits you with a +0 mace.
You barely miss the orc priest.
The orc priest is severely wounded.
The orc priest completely misses you. The orc hits you with a +0 short sword.
* * * LOW HITPOINT WARNING * * *
The orc barely misses you. x2
The orc priest hits you with a +0 morningstar of holy wrath!
You die...

... ... .. #.#
####..##
........
###....#######
.#.....o......#
......o@#####.#
#.....oo#..∩#.#
#......S#.###.#
#.......#.....#
.......r#######
.........
#........
#.....###


You could see an orc priest, an adder, 3 orcs and a rat.

Vanquished Creatures
  2 dart slugs
  6 bats
  An endoplasm (D:1)
  2 giant cockroaches (D:1)
  2 goblins
  A hobgoblin (D:1)
  4 kobolds
  3 quokkas (D:2)
  4 ball pythons
  10 frilled lizards (D:1)
  2 rats
37 creatures vanquished.

Notes
Turn   | Place    | Note
-------+----------+-------------------------------------------
     0 | D:1      | Pimp the Merfolk Gladiator began the quest for the Orb.
     0 | D:1      | Reached XP level 1. HP: 16/16 MP: 1/1
    74 | D:1      | Found Hineycria's Weapon Shop.
   127 | D:1      | Reached XP level 2. HP: 13/23 MP: 2/2
   246 | D:1      | Found Yrut's Magic Scroll Boutique.
   465 | D:1      | Reached XP level 3. HP: 26/28 MP: 3/3
   801 | D:2      | Identified the +5 spear of the Peculiar Priests {heavy, rC+
                  | rN+}
   974 | D:2      | You fall into a shaft and drop 1 floor!
   984 | D:3      | Found Seuhof's Magic Scroll Shop.
  1009 | D:3      | Slain by an orc priest

Illustrated notes

Levels and vault maps discovered:
D:1:      spicycebolla_arrival_xxxplode, layout_loops_ring, serial_shops, shop,
          nicolae_shop_bloodbath_and_beyond, minmay_lizard_pond
D:2:      layout_rooms
D:3:      layout_rooms, gammafunk_temple_overflow_elements,
          gammafunk_ghost_stat_death, serial_shops, shop,
          nicolae_shop_rolled_up, portal_sewer_entry_d

Action                     || total
---------------------------++-------
  Melee: Trident           ||    88
         Spear             ||    16
         Punch             ||     2
    Use: Scroll            ||     6
 Armour: Leather armour    ||    46
  Dodge: Dodged            ||   102

Table legend: (Time is in decaauts)
 A = Elapsed time spent in this place.
 B = Non-inter-level travel time spent in this place.
 C = Inter-level travel time spent in this place.
 D = Time resting spent in this place.
 E = Time spent auto-exploring this place.
 F = Levels seen in this place.
 G = Mean time per level.
                   A        B        C        D        E       F      G
               +--------+--------+--------+--------+--------+-----+--------+
         Total |    992 |    923 |     69 |      0 |    621 |   3 |  330.7 |
       Dungeon |    992 |    923 |     69 |      0 |    621 |   3 |  330.7 |
               +--------+--------+--------+--------+--------+-----+--------+

Top non-repeatable levels by time:
     D:1: 757 daAuts
     D:2: 199 daAuts
     D:3: 35 daAuts
